 Dungeon Crawl Stone Soup version 0.22-a0-192-g6ffc940c34 (webtiles) character file.

235 Manul the Sneak (level 5, -14/40 HPs)
             Began as a Demonspawn Assassin on Feb 16, 2018.
             Killed from afar by Dowan (19 damage)
             ... with a stone arrow
             ... on level 4 of the Dungeon.
             The game lasted 00:03:13 (2418 turns).

Manul the Sneak (Demonspawn Assassin)               Turns: 2418, Time: 00:03:13

Health: -14/40     AC:  7    Str: 11    XL:     5   Next: 76%
Magic:  5/5        EV: 12    Int: 17    God:
Gold:   143        SH:  0    Dex: 16    Spells: 4/4 levels left

rFire    . . .     SeeInvis .   a - +2 dagger
rCold    . . .     Gourm    .   (no shield)
rNeg     . . .     Faith    .   h - +0 leather armour
rPois    .         Spirit   .   (no helmet)
rElec    .         Reflect  .   d - +1 cloak
rCorr    .         Harm     .   (no gloves)
MR       .....     Clarity  +   (no boots) Stlth +++.......Rnd*Tele +
                                (no amulet)
HPRegen  0.13/turn              (no ring)
MPRegen  0.09/turn              (no ring)

@: brilliant, hasted, very quick
A: molten scales 1, clarity, spiny 2, teleportitis 1
a: no special abilities


You were on level 4 of the Dungeon.
You were not hungry.

You visited 1 branch of the dungeon, and saw 4 of its levels.

You collected 143 gold pieces.

Inventory:

Hand Weapons
 a - a +2 dagger (weapon)
 b - a +0 blowgun
 v - a cursed -2 whip
Missiles
 e - 56 poisoned needles
 f - 2 curare-tipped needles
Armour
 c - a +0 robe
 d - a +1 cloak (worn)
 h - a +0 leather armour (worn)
Scrolls
 k - a scroll of remove curse
 m - 2 scrolls of magic mapping {unknown}
 n - a scroll of teleportation {unknown}
 p - 2 scrolls of amnesia
 r - 2 scrolls of identify {unknown}
 u - a scroll of fear {unknown}
Potions
 i - a potion of degeneration {unknown}
 j - a potion of brilliance
 l - a potion of haste
Comestibles
 g - 4 rations


   Skills:
 + Level 2.8 Fighting
 + Level 3.2 Short Blades
 + Level 1.9 Throwing
 + Level 1.3 Armour
 + Level 1.6 Dodging
 + Level 5.0 Stealth


You had 4 spell levels left.
You didn't know any spells.

Dungeon Overview and Level Annotations

Branches:
Dungeon (4/15)
 Temple: D:4-7

Altars:
Ru
Vehumet
Wu Jian
Yredelemnul

Annotations:
D:3 Steforg's ghost, amateur KoAM
D:4 Dowan


Innate Abilities, Weirdness & Mutations

You are partially covered in molten scales. (AC +2)
You are mostly covered in sharp spines.
You possess an exceptional clarity of mind.
You are occasionally teleported next to monsters.


Message History

Dowan hits you but does no damage. Dowan is struck by your spines.
Dowan hits you with a dagger.
You hit Dowan but do no damage.
Dowan is moderately wounded.
Dowan closely misses you.
You hit Dowan.
Dowan is moderately wounded.
Dowan casts a spell at you. The shard of ice hits you!
* * * LOW HITPOINT WARNING * * *
You closely miss Dowan.
Dowan is moderately wounded.
Dowan barely misses you.
It was a potion of haste.
You feel yourself speed up. Dowan hits you but does no damage.
Dowan misses you.
It was a potion of brilliance.
You feel clever all of a sudden. Dowan gestures at you while chanting.
The stone arrow hits you!
You die...

..# ... ##... # #..#
.# #####.###..#
#....[.....##
#.....e.......
########....@...$#...
#.....<.†..####....#
#...)........)†.#...
#..........###### .
#...........#
###########.# (..
###.


You could see Dowan.

Vanquished Creatures
  Duvessa (D:4)
  Jessica (D:2)
  3 adders
  A worm (D:3)
  4 dart slugs
  4 leopard geckos
  An orc (D:3)
  A ball python (D:1)
  4 giant cockroaches
  9 goblins
  5 hobgoblins
  2 jackals (D:1)
  2 quokkas (D:3)
  9 bats
  3 frilled lizards
  10 kobolds
  12 rats
72 creatures vanquished.

Notes
Turn   | Place    | Note
-------+----------+-------------------------------------------
     0 | D:1      | Manul the Demonspawn Assassin began the quest for the Orb.
     0 | D:1      | Reached XP level 1. HP: 16/16 MP: 1/1
    82 | D:1      | Reached skill level 1 in Dodging
    82 | D:1      | Gained mutation: You are partially covered in molten scales. (AC +2) [demonic ancestry]
    82 | D:1      | Reached XP level 2. HP: 22/22 MP: 2/2
    85 | D:1      | Reached skill level 4 in Stealth
   340 | D:1      | Gained mutation: You are partially covered in sharp spines. [demonic ancestry]
   340 | D:1      | Reached XP level 3. HP: 25/27 MP: 3/3
   945 | D:2      | Noticed Jessica
   957 | D:2      | Killed Jessica
   957 | D:2      | Gained mutation: You are mostly covered in sharp spines. [demonic ancestry]
   957 | D:2      | Reached XP level 4. HP: 14/34 MP: 4/4
  1213 | D:2      | Found a radiant altar of Vehumet.
  1526 | D:3      | Found a basalt altar of Yredelemnul.
  1529 | D:3      | Reached skill level 1 in Armour
  1613 | D:3      | Found a sacrificial altar of Ru.
  1837 | D:3      | Noticed Steforg's ghost (amateur KoAM)
  1938 | D:3      | Found an ornate altar of the Wu Jian Council.
  2328 | D:3      | Reached XP level 5. HP: 39/39 MP: 5/5
  2385 | D:4      | Noticed Dowan
  2389 | D:4      | Noticed Duvessa
  2394 | D:4      | Gained mutation: You are occasionally teleported next to monsters. [potion of mutation]
  2394 | D:4      | Gained mutation: You possess an exceptional clarity of mind. [potion of mutation]
  2403 | D:4      | Killed Duvessa
  2403 | D:4      | Reached skill level 5 in Stealth
  2418 | D:4      | Killed from afar by Dowan

Vault maps used:
D:1:      saegor_arrival_simple_a
D:2:      lemuel_crystal_altar, first_ration, nrook_loot_triangle,
          minmay_misc_feat_diagonals, uniq_jessica
D:3:      old_standard_altar, yredelemnul_altar_generic,
          nicolae_overflow_hidden_temple, hangedman_abyss_or_decor_stabs
D:4:      kennysheep_slug_shrine, uniq_edmund, uniq_duvessa

Skill      XL: |  1  2  3  4  5 |
---------------+----------------+-----
Dodging        | 1 |  1.6
Stealth        | 4 5 |  5.0
Short Blades   | 2 3 |  3.2
Armour         | 1 |  1.3
Fighting       | |  2.8
Throwing       | |  1.9

Action                   |  1- 3 |  4- 6 || total
-------------------------+-------+-------++-------
Melee: Dagger            |   104 |    62 ||   166
  Use: Scroll            |     1 |     3 ||     4
       Potion            |     1 |     4 ||     5
 Stab: Sleeping          |     8 |     5 ||    13
  Eat: Chunk             |       |     5 ||     5
Armor: Leather armour    |    44 |    17 ||    61
       Robe              |     1 |       ||     1
Dodge: Dodged            |    59 |    26 ||    85

Table legend:
 A = Spawn XP
 B = Non-spawn XP
 C = Spawn XP percentage of total XP
 D = Spawn monster count
 E = Non-spawn monster count
 F = Spawn count percentage of total count
 G = Total turns spent on level
                    A         B        C        D         E        F      G
               +---------+---------+-------+---------+---------+-------+---------
         Total |       0 |     336 |   0.0 |       0 |      72 |   0.0 |  2418
               +---------+---------+-------+---------+---------+-------+---------
           D:1 |       0 |      58 |   0.0 |       0 |      31 |   0.0 |   833
           D:2 |       0 |      83 |   0.0 |       0 |      14 |   0.0 |   657
           D:3 |       0 |      56 |   0.0 |       0 |      24 |   0.0 |   894
           D:4 |       0 |     139 |   0.0 |       0 |       3 |   0.0 |    34
               +---------+---------+-------+---------+---------+-------+---------
